 Dungeon Crawl Stone Soup version 0.22-a0-77-g0fd0111 (webtiles) character file.

54 shenanigans the Skirmisher (level 3, 0/30 HPs)
             Began as a Barachi Monk on Jan 14, 2018.
             Succumbed to an adder's poison
             ... on level 2 of the Dungeon.
             The game lasted 00:01:52 (1118 turns).

shenanigans the Skirmisher (Barachi Monk)           Turns: 1118, Time: 00:01:52

Health: 0/30       AC: 10    Str: 12    XL:     3   Next: 91%
Magic:  3/3        EV:  3    Int: 11    God:
Gold:   32         SH:  0    Dex: 14    Spells: 2/2 levels left

rFire    + . .     SeeInvis .   a - +0 hand axe
rCold    + . .     Gourm    .   (no shield)
rNeg     . . .     Faith    .   i - +0 plate armour
rPois    +         Spirit   .   (no helmet)
rElec    +         Reflect  .   (no cloak)
rCorr    +         Harm     .   (no gloves)
MR       .....                  (no boots)
Stlth    ..........             (no amulet)
HPRegen  0.10/turn              j - ring of loudness (curse)
MPRegen  0.08/turn              (no ring)

@: lethally poisoned (0 -> -11), resistant, slow
A: +LOS, swims, slowness 1, strong legs 1
a: Hop


You were on level 2 of the Dungeon.
You were not hungry.

You visited 1 branch of the dungeon, and saw 2 of its levels.

You collected 32 gold pieces.

Inventory:

Hand Weapons
 a - a +0 hand axe (weapon)
Armour
 b - a +0 robe
 g - a +0 ring mail of cold resistance
 i - a +0 plate armour (worn)
Jewellery
 j - a cursed ring of loudness (left hand)
Scrolls
 d - 2 scrolls of noise {unknown}
 e - a scroll of immolation {unknown}
 h - a scroll of enchant weapon {unknown}
Books
 k - a book of Maledictions

   Spells                             Type                      Level
   a - Corona                         Hexes                        1
   b - Ensorcelled Hibernation        Hexes/Ice                    2
   c - Confuse                        Hexes                        3
   d - Tukima's Dance                 Hexes                        3
   e - Dazzling Spray                 Conjuration/Hexes            3
Comestibles
 c - 5 rations
 l - 2 chunks of flesh


   Skills:
 + Level 4.2 Fighting
 + Level 3.8 Axes
 + Level 1.8 Armour
 + Level 3.8 Dodging
 - Level 1.7 Stealth


You had 2 spell levels left.
You didn't know any spells.

Dungeon Overview and Level Annotations

Branches:
Dungeon (2/15)

Altars:


Innate Abilities, Weirdness & Mutations

Shadows flee at your approach. (+LOS)
You can swim through water.
You cover ground slowly.
You can hop short distances.


Message History

You feel sick. The adder bites you but does no damage.
The adder completely misses you.
It was a potion of resistance.
You feel protected.
* * * LOW HITPOINT WARNING * * *
You feel sick. The adder bites you but does no damage.
You hit the adder.
You kill the adder!
* * * LOW HITPOINT WARNING * * *
You feel sick.
There is a lethal amount of poison in your body!
There is a lethal amount of poison in your body!
There is a lethal amount of poison in your body!
There is a lethal amount of poison in your body!
There is a lethal amount of poison in your body!
There is a lethal amount of poison in your body!
* * * LOW HITPOINT WARNING * * *
You feel sick.
You see here an adder corpse.
You die...

. .# .##.#
... ... ...
#.# #.# #.#
#@# #†##
#..# ##.#
######.##
#.......#
....#####.#
###.# #.#
### #..#
#.# #...


There were no monsters in sight!

Vanquished Creatures
  An adder (D:2)
  2 oozes
  3 dart slugs
  8 goblins
  4 hobgoblins
  3 bats
  A frilled lizard (D:2)
  5 kobolds (D:1)
  7 rats
34 creatures vanquished.

Notes
Turn   | Place    | Note
-------+----------+-------------------------------------------
     0 | D:1      | shenanigans the Barachi Monk began the quest for the Orb.
     0 | D:1      | Reached XP level 1. HP: 18/18 MP: 1/1
   233 | D:1      | Reached XP level 2. HP: 17/25 MP: 2/2
   485 | D:1      | Reached skill level 1 in Armour
   809 | D:1      | Reached skill level 4 in Fighting
   898 | D:2      | Reached XP level 3. HP: 30/30 MP: 3/3
  1117 | D:2      | HP: 1/30 [poisoned by an adder]
  1118 | D:2      | Succumbed to an adder's poison

Vault maps used:
D:1:      dpeg_arrival_line_fractal
D:2:      hangedman_abyss_or_decor_lesser_grid

Skill      XL: |  1  2 |
---------------+-------+-----
Armour         | 1 |  1.8
Fighting       | 4 |  4.2
Axes           | |  3.8
Dodging        | |  3.8
Stealth        | |  1.7

Action                   || total
-------------------------++-------
Melee: Hand axe          ||   103
  Use: Potion            ||     1
 Stab: Sleeping          ||     3
  Eat: Chunk             ||     1
Armor: Robe              ||     2
       Ring mail         ||     6
       Plate armour      ||    30
Dodge: Dodged            ||    34

Table legend:
 A = Spawn XP
 B = Non-spawn XP
 C = Spawn XP percentage of total XP
 D = Spawn monster count
 E = Non-spawn monster count
 F = Spawn count percentage of total count
 G = Total turns spent on level
                    A         B        C        D         E        F      G
               +---------+---------+-------+---------+---------+-------+---------
         Total |       0 |      78 |   0.0 |       0 |      34 |   0.0 |  1118
               +---------+---------+-------+---------+---------+-------+---------
           D:1 |       0 |      33 |   0.0 |       0 |      17 |   0.0 |   897
           D:2 |       0 |      45 |   0.0 |       0 |      17 |   0.0 |   221
               +---------+---------+-------+---------+---------+-------+---------
